 Dungeon Crawl Stone Soup version 0.29-a0-512-gf59ac788ac (webtiles) character file.

Game seed: 18298531774992629449

312 Mikaeshin the Covered (level 6, -8/52 HPs)
             Began as a Minotaur Berserker on May 29, 2022.
             Was an Elder of Trog.
             Mangled by a small abomination (18 damage)
             ... on level 1 of the Abyss.
             The game lasted 00:19:59 (3899 turns).

Mikaeshin the Covered (Minotaur Berserker)          Turns: 3899, Time: 00:20:00

Health: -8/52      AC:  7    Str: 21    XL:     6   Next: 18%
Magic:  5/5        EV:  7    Int:  4    God:    Trog [****..]
Gold:   131        SH:  0    Dex: 12    Spells: 5/5 levels left

rFire   . . .      SeeInvis .   f - +1 whip (elec)
rCold   . . .      Faith    .   (no shield)
rNeg    . . .      Spirit   .   l - +0 plate armour
rPois   +          Reflect  .   (helmet restricted)
rElec   .          Harm     .   (no cloak)
rCorr   .          Rampage  .   (no gloves)
Will    .....                   (no boots)
Stlth   ..........              (no amulet)
HPRegen 0.17/turn               e - ring of poison resistance
MPRegen 0.09/turn               (no ring)

@: no status effects
A: horns 2, retaliatory headbutt, [deformed body]
a: Renounce Religion, Berserk, Trog's Hand, Brothers in Arms


You were on level 1 of the Abyss.
You worshipped Trog.
Trog was greatly pleased with you.
You visited 1 branch of the dungeon, and saw 4 of its levels.
You visited the Abyss 1 time.
You also visited: Ossuary.

You collected 227 gold pieces.
You spent 96 gold pieces at shops.

Inventory:

Hand Weapons
 f - a +1 whip of electrocution (weapon)
Armour
 l - a +0 plate armour (worn)
Jewellery
 e - a ring of poison resistance (left hand)
 C - a ring of flight
Wands
 b - a wand of paralysis (5)
Scrolls
 g - 3 scrolls of vulnerability
 k - 3 scrolls of fog
 q - a scroll of blinking
 r - a scroll of summoning {unknown}
 t - 3 scrolls of fear {unknown}
 u - a scroll of teleportation {unknown}
 v - a scroll of silence {unknown}
 y - a scroll of torment {unknown}
Potions
 a - a potion of flight {unknown}
 c - 2 potions of brilliance {unknown}
 d - 2 potions of haste
 h - 3 potions of curing
 i - a potion of cancellation
 j - a potion of lignification {unknown}
 m - a potion of mutation {unknown}
 n - a potion of ambrosia {unknown}
 o - a potion of berserk rage
 p - a potion of magic {unknown}
 s - a potion of resistance
 z - a potion of might {unknown}
 A - a potion of heal wounds {unknown}
 B - a potion of experience {unknown}


   Skills:
 - Level 4.3 Fighting
 - Level 4.1(5.1) Axes
 + Level 4.5(5.3) Maces & Flails
 + Level 5.3 Armour
 - Level 2.4 Dodging


You had 5 spell levels left.
You didn't know any spells.
Your spell library was empty.

Dungeon Overview and Level Annotations

Branches:
Dungeon (4/15)            Ossuary (visited)
 Temple: D:4-7

Altars:
Lugonu

Shops:
D:3 *   D:4 :

Portals:
Abyss: D:4


Innate Abilities, Weirdness & Mutations

You have a pair of horns on your head.
You reflexively headbutt those who attack you in melee.
[Armour fits poorly on your strangely shaped body.]


Message History

A large abomination comes into view.
A small abomination comes into view.
You hit the small abomination.
The small abomination is lightly damaged.
The small abomination barely misses you.
You hit the small abomination but do no damage.
Lightning courses through the small abomination!
You headbutt the small abomination!
The small abomination is severely damaged.
The small abomination barely misses you.
You furiously retaliate!
You headbutt the small abomination. You hit the small abomination.
Lightning courses through the small abomination!
You destroy the small abomination!
That felt strangely unrewarding.
A large abomination comes into view.
You feel yourself speed up.
You enter the shallow water.
Moving in this stuff is going to be slow.
A ynoxinul comes into view.
The ynoxinul bellows!
You are suddenly pulled into a different region of the Abyss!
Found a gateway leading deeper into the Abyss.
Your extra speed is starting to run out.
A small abomination comes into view.
The small abomination hits you!
The small abomination closely misses you.
The small abomination hits you!
* * * LOW HITPOINT WARNING * * *
A wretched star comes into view.
You feel yourself slow down.
The wretched star pulses with an eldritch light!
Your body twists and deforms.
The small abomination attacks as you move away!
The small abomination barely misses you.
You furiously retaliate!
You headbutt the small abomination, but do no damage.
The small abomination attacks as you move away!
The small abomination hits you!!
You die...

#### ≈... #..
≈.... #.#
≈..... #@####
≈.....##x#..#
... ...#.#.#
#..##.#..###
#...#.....###
# ....#*....
#.......##...
##....#.....#.
.#
#.###..###.#.#


You could see a small abomination.

Vanquished Creatures
  A phantom (D:3)
  A small abomination (Abyss:1)
  An iguana (D:4)
  3 mummies (Ossuary)
  4 adders
  2 ufetubi
  An adder zombie (Ossuary)
  2 worms (D:4)
  A dart slug (D:4)
  5 orcs (D:3)
  6 bats
  10 endoplasms
  6 giant cockroaches
  8 goblins
  6 hobgoblins
  8 jackals (D:1)
  3 quokkas
  10 ball pythons
  5 frilled lizards
  2 goblin zombies (Ossuary)
  4 hobgoblin zombies (Ossuary)
  9 kobolds
  4 kobold zombies (Ossuary)
  2 quokka zombies (Ossuary)
  7 rats
  5 rat zombies (Ossuary)
116 creatures vanquished.

Notes
Turn   | Place    | Note
-------+----------+-------------------------------------------
     0 | D:1      | Mikaeshin the Minotaur Berserker began the quest for the
                  | Orb.
     0 | D:1      | Reached XP level 1. HP: 19/19 MP: 0/0
    77 | D:1      | Reached XP level 2. HP: 14/27 MP: 1/1
   439 | D:1      | Found a faded altar of an unknown god.
   747 | D:1      | Reached XP level 3. HP: 31/33 MP: 2/2
  1060 | D:1      | Reached ** piety under Trog
  1209 | D:1      | Reached skill level 1 in Maces & Flails
  1342 | D:2      | Reached skill level 3 in Armour
  1714 | D:2      | Reached XP level 4. HP: 39/40 MP: 3/3
  2170 | D:3      | Found Witsor's Assorted Antiques.
  2230 | D:3      | Bought 3 scrolls labelled JEAFIM UQOERPH for 96 gold pieces
  2485 | D:3      | Noticed a phantom
  2499 | D:3      | Killed a phantom
  2500 | D:3      | Reached skill level 4 in Armour
  2500 | D:3      | Reached XP level 5. HP: 32/46 MP: 4/4
  2840 | D:3      | Reached *** piety under Trog
  3004 | D:4      | Found a one-way gate to the infinite horrors of the Abyss.
  3029 | D:4      | Found a sand-covered staircase.
  3043 | Ossuary  | Entered an ossuary
  3060 | Ossuary  | Reached skill level 5 in Armour
  3322 | D:4      | Reached XP level 6. HP: 50/52 MP: 5/5
  3337 | D:4      | Found Nunasym's Book Shop.
  3537 | D:4      | Reached **** piety under Trog
  3563 | D:4      | Found a large runed translucent door.
  3563 | D:4      | Found a large runed translucent door.
  3568 | D:4      | Found a corrupted altar of Lugonu.
  3772 | D:4      | Cast into level 1 of the Abyss (kobold)
  3813 | Abyss:1  | Noticed a large abomination
  3837 | Abyss:1  | Noticed a large abomination
  3845 | Abyss:1  | Noticed a ynoxinul
  3889 | Abyss:1  | Noticed a small abomination
  3894 | Abyss:1  | Noticed a wretched star
  3899 | Abyss:1  | Mangled by a small abomination

Illustrated notes

Levels and vault maps discovered:
D:1:      mainiacjoe_arrival_reflecting_pool, layout_basic,
          nicolae_ecumenical_snake_handling, kennysheep_another_room,
          minmay_door_square, corexii_item_surrounded_by_moat,
          lemuel_old_faithful
D:2:      layout_loops_ring
D:3:      layout_basic, serial_shops, nicolae_square_shop, st_stairs_8,
          minmay_misc_feat_chi, corexii_corridor_pit
D:4:      due_chaos_kobolds, layout_rooms, nicolae_ossuary_entry_ruins,
          serial_shops, nicolae_shop_behind_doors
Abyss:1:  base: D:1, guppyfry_abyss_exit_spiral_guarded

Skill      XL: |  1  2  3  4  5 |
---------------+----------------+-----
Axes           | 4 |  4.1
Fighting       | 4 |  4.3
Maces & Flails | 2 3 4 |  4.5
Armour         | 3 4 5 |  5.3
Dodging        | |  2.4

Action                   |  1- 3 |  4- 6 || total
-------------------------+-------+-------++-------
Melee: Hand axe          |    22 |       ||    22
       Whip              |    73 |   170 ||   243
       Headbutt          |     5 |    24 ||    29
       Punch             |     1 |     2 ||     3
Invok: Berserk           |       |     1 ||     1
  Use: Scroll            |       |    10 ||    10
       Potion            |       |     1 ||     1
Armor: Animal skin       |     2 |       ||     2
       Leather armour    |     8 |       ||     8
       Plate armour      |    50 |   104 ||   154
Dodge: Dodged            |    49 |    62 ||   111

Table legend: (Time is in decaauts)
 A = Elapsed time spent in this place.
 B = Non-inter-level travel time spent in this place.
 C = Inter-level travel time spent in this place.
 D = Time resting spent in this place.
 E = Time spent auto-exploring this place.
 F = Levels seen in this place.
 G = Mean time per level.
                   A        B        C        D        E       F      G
               +--------+--------+--------+--------+--------+-----+--------+
         Total |   3867 |   3754 |    113 |    299 |   2373 |   6 |  644.5 |
       Dungeon |   3545 |   3432 |    113 |    263 |   2351 |   4 |  886.2 |
         Abyss |    108 |    108 |      0 |      0 |      0 |   1 |  108.0 |
       Ossuary |    213 |    213 |      0 |     36 |     22 |   1 |  213.0 |
               +--------+--------+--------+--------+--------+-----+--------+

Top non-repeatable levels by time:
     D:1: 1336 daAuts
     D:2: 831 daAuts
     D:3: 807 daAuts
     D:4: 570 daAuts
 Ossuary: 213 daAuts
 Abyss:1: 108 daAuts
